 Dungeon Crawl Stone Soup version 0.27.0-1-g7a089689b8 (webtiles) character file.

Game seed: 4591028588321393595

570 bnorton916 the Magician (level 7, -18/36 HPs)
             Began as a Deep Elf Conjurer on Aug 15, 2021.
             Was an Initiate of Vehumet.
             Demolished by a two-headed ogre (32 damage)
             ... on level 5 of the Dungeon.
             The game lasted 00:07:34 (5387 turns).

bnorton916 the Magician (Deep Elf Conjurer)         Turns: 5387, Time: 00:07:35

Health: -18/36     AC:  7    Str:  5    XL:     7   Next: 11%
Magic:  11/18      EV: 12    Int: 24    God:    Vehumet [......]
Gold:   107        SH:  0    Dex: 13    Spells: 8/19 levels left

rFire    . . .     SeeInvis .   b - staff of death
rCold    . . .     Faith    .   (no shield)
rNeg     + . .     Spirit   .   a - +0 robe
rPois    .         Reflect  .   h - +0 helmet
rElec    .         Harm     .   m - +2 cloak
rCorr    .         Rampage  .   k - +0 pair of gloves
Will     .....                  (no boots)
Stlth    ++........             (no amulet)
HPRegen  0.12/turn              (no ring)
MPRegen  0.16/turn              (no ring)

@: no status effects
A: no striking features
a: Renounce Religion


You were on level 5 of the Dungeon.
You worshipped Vehumet.
Vehumet was noncommittal.
You visited 1 branch of the dungeon, and saw 5 of its levels.
You also visited: Sewer.

You collected 170 gold pieces.
You spent 63 gold pieces at shops.

Inventory:

Missiles
 e - 107 stones
Armour
 a - a +0 robe (worn)
 h - a +0 helmet (worn)
 k - a +0 pair of gloves (worn)
 m - a +2 cloak (worn)
Magical Staves
 b - a staff of death (weapon)
Jewellery
 g - a ring of fire
Wands
 i - a wand of charming (5)
 r - a wand of paralysis (7)
Scrolls
 d - 5 scrolls of identify
 j - 2 scrolls of magic mapping {unknown}
 l - a scroll of vulnerability {unknown}
 p - a scroll of immolation {unknown}
 q - a scroll of fog {unknown}
Potions
 c - 2 potions of curing
 f - 4 potions of flight
 n - 2 potions of resistance {unknown}
 o - a potion of haste {unknown}
 s - a potion of ambrosia {unknown}
 t - a potion of heal wounds {unknown}


   Skills:
 - Level 2.4 Dodging
 - Level 2.4 Stealth
 + Level 6.6 Spellcasting
 + Level 6.6 Conjurations
 + Level 3.6 Hexes
 + Level 2.8 Translocations


You had 8 spell levels left.
You knew the following spells:

 Your Spells              Type           Power      Damage    Failure   Level
a - Magic Dart            Conj           100%       1d8       1%          1
b - Searing Ray           Conj           78%        3d6       1%          2
c - Fulminant Prism       Conj/Hex       16%        3d11      9%          4
d - Iskenderun's Mystic   Conj/Tloc      30%        2d8       11%         4

Your spell library contained the following spells:

 Spells                   Type           Power      Damage    Failure   Level
 Dazzling Flash           Conj/Hex       64%        N/A       2%          3
 Gell's Gravitas          Tloc           10%        N/A       7%          3
 Teleport Other           Tloc           21%        N/A       7%          3
 Dispersal                Tloc           10%        N/A       98%         6


Dungeon Overview and Level Annotations

Branches:
Dungeon (5/15)              Sewer (visited)
 Temple: D:4-7

Altars:
Cheibriados
Fedhas
Hepliaklqana
Vehumet
Wu Jian
Xom

Shops:
D:3 *[:


Message History

Aiming: Magic Dart (safe; 1% risk of failure)
Press: ? - help, Shift-Dir - straight line, f - two-headed ogre
Aim: a two-headed ogre, wielding a +0 giant club and a +0 dire flail (wandering, hasn't noticed you, 100% to hit)
The magic dart hits the two-headed ogre.
The two-headed ogre is lightly wounded.
The two-headed ogre shouts in stereo!
Casting: Magic Dart (safe; 1% risk of failure)
Confirm with . or Enter, or press ? or * to list all spells.
Aiming: Searing Ray (safe; 1% risk of failure)
Press: ? - help, Shift-Dir - straight line, f/p - two-headed ogre
Aim: a two-headed ogre, wielding a +0 giant club and a +0 dire flail (91% to hit)
The searing ray hits the two-headed ogre.
The two-headed ogre is lightly wounded. (Press . to maintain the ray.)
The searing ray hits the two-headed ogre!
The two-headed ogre is lightly wounded.
The searing ray hits the two-headed ogre!
The two-headed ogre is heavily wounded.
The searing ray hits the two-headed ogre!
The two-headed ogre is severely wounded.
You finish channeling your searing ray.
The two-headed ogre barely misses you.
The two-headed ogre hits you with a +0 dire flail.
Unknown command.
Casting: Searing Ray (safe; 1% risk of failure)
Confirm with . or Enter, or press ? or * to list all spells.
Okay, then.
Casting: Searing Ray (safe; 1% risk of failure)
Confirm with . or Enter, or press ? or * to list all spells.
Aiming: Searing Ray (safe; 1% risk of failure)
Press: ? - help, Shift-Dir - straight line, f/p - two-headed ogre
Aim: a two-headed ogre, wielding a +0 giant club and a +0 dire flail (severely wounded, 91% to hit)
The searing ray misses the two-headed ogre. (Press . to maintain the ray.)
The two-headed ogre closely misses you.
The two-headed ogre hits you with a +0 dire flail!
The searing ray hits the two-headed ogre!
The two-headed ogre is almost dead.
The two-headed ogre hits you with a +0 giant club!!
Ouch! That really hurt!
You die...

####### #.# #...... #.#
#...... #.# #.....O #.#
#...... #.# #...... #.#
#......##.######+#
'......'...O@...>#
#......##.##.############
#.
#########...............#
#.
........##.##########.#
#. #######.##.#
######.####. #.##.#
##........... #.##.#
#...###.####. #.##.#
#.........#.. #.##.#
#....##.#....


You could see a two-headed ogre.

Vanquished Creatures
  An orc warrior (D:4)
  A bullfrog (Sewer)
  2 scorpions (D:4)
  A howler monkey (D:5)
  A hound (D:5)
  An orc priest (D:3)
  A hound skeleton (D:5)
  Robin (D:2)
  4 adders
  3 worms
  2 dart slugs
  11 orcs
  7 ball pythons
  3 bats
  3 endoplasms
  14 giant cockroaches
  13 goblins
  9 hobgoblins
  7 jackals
  8 kobolds
  11 quokkas
  5 frilled lizards
  7 rats
116 creatures vanquished.

Notes
Turn   | Place    | Note
-------+----------+-------------------------------------------
     0 | D:1      | bnorton916 the Deep Elf Conjurer began the quest for the
                  | Orb.
     0 | D:1      | Reached XP level 1. HP: 10/10 MP: 6/6
   138 | D:1      | Reached XP level 2. HP: 15/15 MP: 5/8
   527 | D:1      | Reached skill level 5 in Conjurations
   527 | D:1      | Reached XP level 3. HP: 19/19 MP: 7/10
  1081 | D:2      | Found a faded altar of an unknown god.
  1659 | D:2      | Noticed Robin
  1681 | D:2      | Killed Robin
  1778 | D:2      | Learned a level 2 spell: Searing Ray
  1903 | D:2      | Found a shimmering altar of Xom.
  1936 | D:2      | Reached XP level 4. HP: 24/24 MP: 10/12
  2171 | D:3      | Found Ocoomam's Antique Armour Shoppe.
  2184 | D:3      | Found Plog's General Store.
  2205 | D:3      | Bought a +0 pair of gloves for 63 gold pieces
  2224 | D:3      | Reached skill level 5 in Spellcasting
  2379 | D:3      | Found a glowing drain.
  2449 | Sewer    | Entered a sewer
  2528 | Sewer    | Learned a level 4 spell: Fulminant Prism
  2533 | Sewer    | Learned a level 4 spell: Iskenderun's Mystic Blast
  2613 | Sewer    | Reached XP level 5. HP: 28/28 MP: 11/14
  2760 | Sewer    | Reached skill level 1 in Hexes
  2760 | Sewer    | Reached skill level 1 in Translocations
  3301 | D:3      | Found Daurhoxo's Book Boutique.
  3473 | D:3      | Found an ornate altar of the Wu Jian Council.
  3908 | D:4      | Reached XP level 6. HP: 26/32 MP: 8/16
  4318 | D:4      | Found a hazy altar of Hepliaklqana.
  4332 | D:4      | Noticed an orc warrior
  4347 | D:4      | Killed an orc warrior
  4714 | D:4      | Found a radiant altar of Vehumet.
  4719 | D:4      | Became a worshipper of Vehumet
  4835 | D:4      | Found a blossoming altar of Fedhas.
  5080 | D:4      | Found a snail-covered altar of Cheibriados.
  5146 | D:5      | Entered Level 5 of the Dungeon
  5178 | D:5      | Reached XP level 7. HP: 36/36 MP: 13/18
  5375 | D:5      | Noticed a two-headed ogre
  5387 | D:5      | Demolished by a two-headed ogre

Illustrated notes

Levels and vault maps discovered:
D:1:      ncdulo_smallfort, layout_rooms
D:2:      layout_basic, shapermc_ecumenical_altar_notcrosses, basic_altar,
          minmay_surrounded, uniq_robin
D:3:      layout_loops_ring, mainiacjoe_overflow_surrounded_room,
          gup_sewer_entry_pipe, serial_shops, shop, nicolae_shop_stone,
          nicolae_diamond_shop
D:4:      layout_loops_ring, old_standard_altar, old_standard_altar,
          mainiacjoe_overflow_alcove_1, mainiacjoe_overflow_cross_hatched,
          hangedman_decor_riveting
D:5:      layout_basic, uniq_ijyb

Skill      XL: |  1  2  3  4  5  6 |
---------------+-------------------+-----
Spellcasting   | 4 5 6 |  6.6
Conjurations   | 5 6 |  6.6
Hexes          | 2 3 |  3.6
Translocations | 1 2 |  2.8
Dodging        | |  2.4
Stealth        | |  2.4

Action                   |  1- 3 |  4- 6 |  7- 9 || total
-------------------------+-------+-------+-------++-------
Melee: Staff             |     1 |    15 |       ||    16
 Cast: Magic Dart        |    91 |   117 |    11 ||   219
       Searing Ray       |       |     6 |     2 ||     8
  Use: Scroll            |       |     2 |       ||     2
Armor: Robe              |     2 |     7 |     2 ||    11
Dodge: Dodged            |     7 |    30 |     3 ||    40
